 Dungeon Crawl Stone Soup version 0.30.0-29-ga12c61a403 (webtiles) character file.

Game seed: 6467176875736213961

362049 qqlele the Warrior (level 23, -16/180 HPs)
             Began as a Djinni Conjurer on June 16, 2023.
             Was the Champion of Makhleb.
             Killed from afar by a deep elf sorcerer (31 damage)
             ... with damnation
             ... on level 3 of the Elven Halls on June 17, 2023.
             The game lasted 07:01:21 (40336 turns).

qqlele the Warrior (Djinni Conjurer)               Turns: 40336, Time: 07:01:22

Health: -16/180    AC: 11    Str: 15    XL:     23   Next: 50%
Gold:   4919       EV: 19    Int: 29    God:    Makhleb [******] SH:  0 Dex: 14

rFire   + + +        N - staff of conjuration "Woist" {rElec}
rCold   + . .        z - orb {light}
rNeg    . . .        D - +0 robe {rC+ rF+}
rPois   ∞            W - +1 helmet "Efraredd" {rElec Str+5}
rElec   +            Z - +0 cloak {Stlth+}
rCorr   +            b - +2 pair of gloves
SInv    .            (boots unavailable)
Will    +++..        x - amulet of regeneration
Stlth   +            f - ring of protection from cold
HPRegen 1.30/turn    L - ring "Usmeehui" {rElec Will+ rCorr Int+2 Dex+2}
MPRegen 0.00/turn

%: infuse magic (-17 HP)
@: flying, glowing
A: sickness immunity, fire resistance 2, cold vulnerability 1, float, innate
caster, HP casting, extra vitality 1
}: 2/15 runes: decaying, gossamer
a: Renounce Religion, Minor Destruction, Lesser Servant of Makhleb, Major
Destruction, Greater Servant of Makhleb


You were on level 3 of the Elven Halls.
You worshipped Makhleb.
Makhleb was exalted by your worship.
You visited 9 branches of the dungeon, and saw 39 of its levels.
You also visited: Ice Cave.

You collected 6555 gold pieces.
You spent 1636 gold pieces at shops.

Inventory:

Armour
 b - a +2 pair of gloves (worn)
 z - an orb of light (worn)
 D - a +0 robe of resistance (worn)
 W - the +1 helmet "Efraredd" (worn) {rElec Str+5}
   (You acquired it on level 1 of the Elven Halls)

   Str:       It affects your strength (+5).
   rElec:     It insulates you from electricity.
 Z - a +0 cloak of stealth (worn)
Magical Staves
 N - the staff of conjuration "Woist" (weapon) {rElec}
   (You found it on level 3 of the Swamp)

   [staff of conjuration]

   Your inability to study Conjurations prevents you from drawing on the full
   power of this staff in melee.
   Base accuracy: +5 Base damage: 5 Base attack delay: 1.2 This weapon's minimum
   attack delay (0.6) is reached at skill level 12.
   rElec:     It insulates you from electricity.
   It falls into the 'Staves' category.
   It is a one-handed weapon.
Jewellery
 f - a ring of protection from cold (left hand)
 x - an amulet of regeneration (around neck)
 y - an amulet of reflection
 L - the ring "Usmeehui" (right hand) {rElec Will+ rCorr Int+2 Dex+2}
   (You acquired it on level 3 of the Vaults)

   [ring of willpower]

   Int:       It affects your intelligence (+2).
   Dex:       It affects your dexterity (+2).
   rElec:     It insulates you from electricity.
   rCorr:     It protects you from acid and corrosion.
   Will:      It increases your willpower.
 T - a ring of ice
Wands
 a - a wand of polymorph (13)
 l - a wand of digging (5)
 v - a wand of roots (45)
 G - a wand of paralysis (25)
 H - a wand of flame (53)
 I - a wand of mindburst (12)
 R - a wand of light (27)
Scrolls
 c - 18 scrolls of teleportation
 k - 3 scrolls of brand weapon
 p - 8 scrolls of enchant armour
 s - 11 scrolls of poison
 u - 12 scrolls of identify
 A - 11 scrolls of fear
 E - 5 scrolls of enchant weapon
 J - 5 scrolls of fog
 O - 8 scrolls of magic mapping
 Q - a scroll of butterflies
 S - 6 scrolls of blinking
 U - a scroll of silence
Potions
 d - 3 potions of invisibility
 e - 8 potions of haste
 g - 8 potions of brilliance
 h - 5 potions of resistance
 i - 14 potions of heal wounds
 n - 15 potions of curing
 B - 8 potions of ambrosia
 C - 5 potions of cancellation
 F - 13 potions of mutation
 M - 3 potions of might
 P - a potion of berserk rage
 V - 2 potions of magic {unknown}
Miscellaneous
 q - a piece from Xom's chessboard (15/15)


   Skills:
 + Level 20.1 Fighting
 - Level 15.0 Armour
 - Level 15.0 Dodging
 - Level 2.0 Stealth
 - Level 13.0 Shields
 - Level 14.0 Unarmed Combat
 - Level 20.0 Spellcasting


You knew the following spells:

 Your Spells              Type           Power      Damage    Failure   Level
a - Magic Dart            Conj           100%       1d8       0%          1
b - Searing Ray           Conj           100%       2d8       0%          2
c - Dazzling Flash        Conj/Hex       100%       N/A       0%          3
d - Fulminant Prism       Conj/Hex       60%        3d26      0%          4
e - Iskenderun's Mystic   Conj/Tloc      100%       2d19      0%          4
f - Summon Small Mammal   Summ           100%       N/A       0%          1
g - Scorch                Fire           100%       2d9       0%          2
h - Momentum Strike       Conj/Tloc      100%       3d10      0%          2
i - Animate Armour        Summ/Erth      100%       N/A       0%          4
j - Metabolic Englaciati  Hex/Ice        49%        N/A       0%          5
k - Agony                 Necr           98%        N/A       0%          5
l - Statue Form           Tmut/Erth      65%        N/A       1%          6
m - Storm Form            Tmut/Air       49%        N/A       1%          7
n - Haunt                 Necr/Summ      49%        N/A       1%          7
o - Disjunction           Tloc           49%        N/A       2%          8
p - Summon Hydra          Summ           49%        N/A       1%          7
Your spell library was empty.

Dungeon Overview and Level Annotations

Branches:
Dungeon (15/15)            Temple (1/1) D:7            Lair (5/5) D:11
  Swamp (4/4) Lair:2       Spider (4/4) Lair:2        Slime (1/5) Lair:4
    Orc (2/2) D:11            Elf (3/3) Orc:2        Vaults (4/5) D:13
  Crypt (0/3) Vaults:2     Depths (0/4) D:15          IceCv (visited)

Altars:
Ashenzari
Cheibriados
Dithmenos
Elyvilon
Fedhas
Gozag
Hepliaklqana
Makhleb
Nemelex Xobeh
Okawaru
Qazlal
Ru
Trog
Uskayaw
Wu Jian
Xom
Yredelemnul
Zin
The Shining One

Shops:
D:9 (   D:15 [!=??   Orc:2 [?*?:   Elf:1 ([(:   Elf:2 (?   Vaults:1 *

Portals:
Trove: Vaults:3 (give +3 fire dragon scales)

Annotations:
D:4 1 runed translucent door, Crazy Yiuf
D:5 2 runed translucent doors, ymhsbmbesitwf's ghost, novice FoFi
D:13 6 runed translucent doors


Innate Abilities, Weirdness & Mutations

You are immune to sickness and miasma.
You are immune to poison.
Your flesh is very heat resistant. (rF++)
You are vulnerable to cold. (rC-)
You float through the air rather than walking.
You learn spells naturally, not from books.
Your magical power is your life essence.
You have superior vitality. (+4 MHP)


Message History

The deep elf sorcerer wildly gestures.
You feel disoriented.
You swap places.
Something hits your butterfly!
Your butterfly dies!
Your butterfly disappears in a burst of colours!
Something hits your butterfly!
Your butterfly dies!
Your butterfly disappears in a burst of colours!
You swap places.
Something hits your butterfly!
Your butterfly dies!
Your butterfly disappears in a burst of colours!
You swap places.
The deep elf sorcerer hits your butterfly with a +0 dagger!
Your butterfly dies!
Your butterfly disappears in a burst of colours!
You swap places.
The deep elf sorcerer hits your butterfly with a +0 dagger.
Your butterfly dies!
Your butterfly disappears in a burst of colours!
You swap places.
Something hits your butterfly.
Your butterfly dies!
Your butterfly disappears in a burst of colours!
You swap places.
The deep elf sorcerer gestures at you while chanting.
The sphere of damnation explodes!
The damnation engulfs you!!
* * * LOW HITPOINT WARNING * * *
The damnation engulfs your butterfly!!
Your butterfly dies!
Your butterfly disappears in a burst of colours!
Blink to where?
Press: ? - help, Dir - move target
As you read the scroll of blinking, it crumbles to dust.
The deep elf sorcerer closely misses your butterfly.
The deep elf sorcerer wildly gestures.
You feel troubled.
There is an open door here.
The deep elf sorcerer is no longer moving quickly.
The deep elf sorcerer gestures at you while chanting.
The sphere of damnation explodes!
The damnation engulfs you!!
You die...

##.[.....##
##.........##
#...........#
#...........+
#...........#
#.......(...#
#...........#
##.........## #
##......@'## ##
##.....##.## #.
###'#####.## ##b #.#
##.## #.. #'### ##e##
#####.# ##...##
##b##+#..e..#
+#..<..##
##'#....####
##.......#####....b.#
#.........##........#


You could see a deep elf sorcerer (ally target).

Vanquished Creatures
  Bai Suzhen (Vaults:3)
  Jorgrun (D:12)
  Zenata (Elf:2)
  A titan (Vaults:1)
  The ghost of Kare Xaoge the Bludgeoner, an adept DgTm (Vaults:2)
  Frances (D:13)
  A sphinx (Vaults:3)
  2 storm dragons (Elf:1)
  A tengu reaver (Vaults:1)
  3 azure jellies
  2 rockslimes
  4 deep elf sorcerers (Elf:3)
  8 vault wardens
  4 emperor scorpions
  3 deep elf elementalists
  An orc warlord (Vaults:2)
  An iron dragon (Elf:2)
  5 ghost moths
  11 ironbound preservers
  3 reapers (IceCv)
  9 very ugly things
  A war gargoyle (Vaults:4)
  4 broodmothers
  A ghoul (Vaults:2)
  3 eleionomae
  11 ironbound thunderhulks
  A vampire knight (Vaults:2)
  3 deep elf demonologists
  19 dire elephants
  2 bunyips
  3 spark wasps
  4 deep elf annihilators
  Snorg (D:11)
  2 deep elf death magi (Elf:3)
  3 fire dragons
  A crystal guardian (Vaults:4)
  An ettin (D:11)
  An entropy weaver (shapeshifter) (Elf:1)
  6 deep elf high priests
  7 yaktaur captains
  Josephine (D:13)
  9 great orbs of eyes
  3 shambling mangroves
  2 entropy weavers
  10 jorogumos
  4 peacekeepers
  3 ice dragons (Swamp:4)
  An ogre mage (Vaults:3)
  A vault guard (Vaults:3)
  19 hydras
  7 ironbound frosthearts
  A caustic shrike simulacrum (IceCv)
  3 ghost crabs
  20 centaur warriors
  17 boulder beetles
  5 catoblepae
  A two-headed ogre (Orc:2)
  32 dancing weapons
  7 alligators
  2 radroaches
  A death knight (D:14)
  8 orc high priests
  A tengu warrior (D:15)
  A vampire mage (Vaults:2)
  Urug (D:11)
  A deep troll earth mage (D:11)
  11 death yaks
  Amaemon (D:11)
  A skyshark (Lair:2)
  11 spriggans
  19 deep elf knights
  4 sun moths (Spider:4)
  A fire crab (Elf:2)
  5 goliath frogs
  4 pharaoh ants
  A death drake (Elf:2)
  A sea snake (Elf:2)
  3 orb spiders
  2 glowing orange brains
  22 deep trolls
  16 deep elf archers
  An orange crystal statue (IceCv)
  3 spriggan simulacra (IceCv)
  9 swamp dragons
  An obsidian statue (IceCv)
  29 deep elf zephyrmancers
  Pikel (D:6)
  7 wizards
  A wolf spider zombie (D:15)
  30 deep elf pyromancers
  A phantasmal warrior (Vaults:2)
  5 steelbarb worms (Spider:4)
  7 orc knights
  8 bog bodies
  15 ironbound convokers
  11 lindwurms
  A mana viper (Elf:2)
  A necromancer (D:15)
  31 ugly things
  23 wolf spiders
  2 will-o-the-wisps
  A salamander (shapeshifter) (D:13)
  3 orc sorcerers
  7 manticores
  12 cyclopes
  2 moths of wrath
  2 elephants (Lair:5)
  Maurice (D:8)
  4 black mambas
  4 demonic crawlers
  2 ice statues (Elf:2)
  An orange demon (D:11)
  16 vault sentinels
  5 gargoyles
  Maggie (Lair:2)
  6 torpor snails
  2 molten gargoyles (Elf:2)
  2 centaur skeletons (D:15)
  16 cane toads
  13 komodo dragons
  5 kobold demonologists
  3 rime drakes
  4 unseen horrors
  An unseen horror (shapeshifter) (D:13)
  11 freezing wraiths
  A tengu conjurer (D:15)
  3 anaconda simulacra
  An efreet (D:11)
  18 yaktaurs
  3 ice devils (IceCv)
  8 tyrant leeches
  5 meliai
  17 hornets
  A bloated husk (Swamp:4)
  25 tarantellas
  5 trolls
  Grinder (D:6)
  12 polar bears
  4 raiju (Lair:5)
  7 blink frogs
  2 dream sheep (Lair:5)
  38 slime creatures
  35 jumping spiders
  3 air elementals
  24 culicivoras
  Sigmund (D:6)
  6 water elementals
  A centaur simulacrum (D:15)
  A shadow (D:9)
  7 wraiths
  34 yaks
  5 wyverns
  2 dire elephant simulacra (IceCv)
  2 fire elementals (Elf:2)
  A vampire (D:11)
  A steam dragon (D:8)
  7 basilisks
  39 redbacks
  23 vampire mosquitoes
  Grum (D:9)
  A hog (Elf:2)
  17 swamp worms
  9 wargs
  4 minotaur simulacra (IceCv)
  19 hydra simulacra
  12 water moccasins
  11 hell hounds (Lair:5)
  37 orc warriors
  8 swamp drakes
  5 ice beasts
  16 black bears
  3 sky beasts
  A black mamba simulacrum (Elf:2)
  6 ogres
  38 wolves
  15 centaurs
  6 kobold brigands
  A gnoll sergeant (D:7)
  8 bullfrogs
  8 earth elementals
  6 deep troll simulacra (IceCv)
  3 scorpions
  7 wights
  41 killer bees
  2 lindwurm simulacra (IceCv)
  A vampire bat (Elf:2)
  8 electric eels
  10 howler monkeys
  A lava snake (Elf:2)
  A jelly (D:4)
  2 hounds
  25 orc priests
  A gnoll bouda (D:5)
  A sleepcap (D:6)
  An iguana (D:7)
  24 orc wizards
  10 hell rats
  2 troll simulacra (Elf:2)
  6 adders
  7 gnolls
  2 naga simulacra (Elf:2)
  3 white imps
  An ufetubus (D:5)
  8 swamp drake simulacra (Swamp:4)
  A worm (D:2)
  73 orcs
  7 endoplasms
  10 giant cockroaches
  6 goblins
  7 hobgoblins
  6 quokkas
  A ball python (D:3)
  5 bats
  4 frilled lizards
  17 kobolds
  6 rats
  A fulminant prism (D:9)
1598 creatures vanquished.

Vanquished Creatures (collateral kills)
  A vampire mosquito (Swamp:1)
  An ice beast (D:6)
  A centaur (D:15)
  A wight (D:9)
4 creatures vanquished.

Vanquished Creatures (others)
  A deep elf knight (Elf:2)
  A deep elf archer (Elf:1)
  A swamp dragon (Swamp:4)
  A wizard (D:15)
  A will-o-the-wisp (Swamp:4)
  A demonic crawler (Spider:2)
  A bloated husk (Swamp:3)
  A shadow (D:11)
  An orc (Elf:1)
  18 foxfires
  100 fulminant prisms
  A spectral weapon (Vaults:3)
128 creatures vanquished.

Grand Total: 1730 creatures vanquished

Notes
Turn   | Place    | Note
-------+----------+-------------------------------------------
     0 | D:1      | qqlele the Djinni Conjurer began the quest for the Orb.
     0 | D:1      | qqlele set off with the following spells memorised: Magic
                  | Dart, Searing Ray, Dazzling Flash, Fulminant Prism,
                  | Iskenderun's Mystic Blast.
     0 | D:1      | Reached XP level 1. HP: 15/15 MP: 0/0
   209 | D:1      | Reached XP level 2. HP: 18/21 MP: 0/0
   705 | D:1      | Reached XP level 3. HP: 24/25 MP: 0/0
   705 | D:1      | Learned a level 1 spell: Summon Small Mammal
   978 | D:2      | Reached XP level 4. HP: 29/31 MP: 0/0
  1150 | D:2      | Found a faded altar of an unknown god.
  1699 | D:3      | Reached XP level 5. HP: 32/35 MP: 0/0
  1699 | D:3      | Learned a level 2 spell: Scorch
  2254 | D:4      | Noticed an ogre
  2259 | D:4      | Killed an ogre
  2260 | D:4      | Reached skill level 5 in Spellcasting
  2260 | D:4      | Reached XP level 6. HP: 35/40 MP: 0/0
  2647 | D:4      | Found a runed translucent door.
  2648 | D:4      | Noticed Crazy Yiuf
  2940 | D:5      | Entered Level 5 of the Dungeon
  2945 | D:5      | Noticed an ogre
  2951 | D:5      | Killed an ogre
  3106 | D:5      | Found a runed translucent door.
  3110 | D:5      | Noticed ymhsbmbesitwf's ghost (novice FoFi)
  3127 | D:5      | Noticed an ogre
  3133 | D:5      | Killed an ogre
  3134 | D:5      | Reached XP level 7. HP: 39/45 MP: 0/0
  3134 | D:5      | Learned a level 2 spell: Momentum Strike
  3433 | D:5      | Found a runed translucent door.
  3667 | D:6      | Reached XP level 8. HP: 49/50 MP: 0/0
  3669 | D:6      | Noticed a troll
  3677 | D:6      | Killed a troll
  3754 | D:6      | Noticed Grinder
  3756 | D:6      | Noticed Sigmund
  3758 | D:6      | Killed Grinder
  3978 | D:6      | Reached XP level 9. HP: 60/62 MP: 0/0
  3978 | D:6      | Learned a level 4 spell: Animate Armour
  4016 | D:6      | Reached skill level 5 in Fighting
  4162 | D:6      | Killed Sigmund
  4183 | D:6      | Noticed Pikel
  4191 | D:6      | Killed Pikel
  4279 | D:6      | Found a shadowy altar of Dithmenos.
  4811 | D:7      | Reached XP level 10. HP: 75/77 MP: 0/0
  4903 | D:7      | Reached skill level 10 in Fighting
  5210 | D:7      | Reached skill level 1 in Armour
  5230 | D:7      | Found a staircase to the Ecumenical Temple.
  5239 | Temple   | Entered the Ecumenical Temple
  5949 | D:8      | Noticed a cyclops
  5954 | D:8      | Killed a cyclops
  6010 | D:8      | Found a sparkling altar of Nemelex Xobeh.
  6916 | D:9      | Noticed a kobold demonologist
  6923 | D:9      | Killed a kobold demonologist
  6925 | D:9      | Noticed a kobold demonologist
  6932 | D:9      | Killed a kobold demonologist
  6933 | D:9      | Reached XP level 11. HP: 72/85 MP: 0/0
  6933 | D:9      | Learned a level 5 spell: Metabolic Englaciation
  6933 | D:9      | Noticed Maurice
  6998 | D:8      | Killed Maurice
  7034 | D:9      | Reached skill level 10 in Spellcasting
  7225 | D:9      | Found a shimmering altar of Xom.
  7225 | D:9      | Found a blossoming altar of Fedhas.
  7415 | D:9      | Found an iron altar of Okawaru.
  7419 | D:9      | Found an ornate altar of the Wu Jian Council.
  7423 | D:9      | Found a white marble altar of Elyvilon.
  7428 | D:9      | Found a burning altar of Makhleb.
  7428 | D:9      | Found a snail-covered altar of Cheibriados.
  7428 | D:9      | Found a hide-covered altar of Uskayaw.
  7442 | D:9      | Found a hazy altar of Hepliaklqana.
  7446 | D:9      | Found an opulent altar of Gozag.
  7465 | D:9      | Became a worshipper of Makhleb the Destroyer
  7513 | D:9      | Found Sisogio's Antique Weapon Boutique.
  7613 | D:9      | Noticed Grum
  7628 | D:9      | Killed Grum
  7888 | D:10     | Entered Level 10 of the Dungeon
  8248 | D:10     | Noticed a deep elf pyromancer
  8251 | D:10     | Killed a deep elf pyromancer
  8822 | D:11     | Noticed Snorg
  8824 | D:11     | Noticed a cyclops
  8828 | D:11     | Killed Snorg
  8883 | D:11     | Killed a cyclops
  8884 | D:11     | Reached XP level 12. HP: 85/91 MP: 0/0
  8962 | D:11     | Noticed Amaemon
  8971 | D:11     | Killed Amaemon
  8972 | D:11     | Reached skill level 5 in Dodging
  9021 | D:11     | Noticed Urug
  9109 | D:11     | Killed Urug
  9188 | D:11     | Reached * piety under Makhleb
  9407 | D:11     | Found a staircase to the Orcish Mines.
  9860 | D:11     | Found a staircase to the Lair.
 10337 | D:11     | Noticed a deep troll earth mage
 10344 | D:11     | Noticed a deep elf knight
 10344 | D:11     | Killed a deep troll earth mage
 10344 | D:11     | Reached ** piety under Makhleb
 10413 | D:11     | Noticed an ettin
 10418 | D:10     | Killed a deep elf knight
 10432 | D:11     | Noticed a deep troll
 10819 | D:11     | Killed a deep troll
 10829 | D:11     | Noticed an eight-headed hydra
 10841 | D:11     | Killed an eight-headed hydra
 10842 | D:11     | Reached skill level 10 in Dodging
 10863 | D:11     | Killed an ettin
 10908 | D:11     | Reached XP level 13. HP: 75/98 MP: 0/0
 10908 | D:11     | Learned a level 5 spell: Agony
 10982 | D:11     | Identified the +5 war axe "Piumija" {drain, rElec rF+++ rC-
                  | rCorr}
 11397 | D:12     | Noticed a centaur warrior
 11739 | D:12     | Reached *** piety under Makhleb
 11878 | D:12     | Noticed a centaur warrior
 11878 | D:12     | Noticed a centaur warrior
 11879 | D:12     | Noticed a centaur warrior
 11939 | D:12     | Noticed Jorgrun
 11973 | D:12     | Killed Jorgrun
 12397 | Lair:1   | Entered Level 1 of the Lair of Beasts
 13255 | Lair:2   | Found a hole to the Spider Nest.
 13285 | Lair:2   | Reached **** piety under Makhleb
 13391 | Lair:2   | Found a staircase to the Swamp.
 13658 | Lair:2   | Noticed Maggie
 13670 | Lair:2   | Killed Maggie
 13671 | Lair:2   | Reached XP level 14. HP: 83/110 MP: 0/0
 14352 | Lair:3   | Reached ***** piety under Makhleb
 14357 | Lair:3   | Reached skill level 15 in Fighting
 15302 | Lair:4   | Found a staircase to the Slime Pits.
 15896 | Lair:5   | Entered Level 5 of the Lair of Beasts
 16172 | Lair:5   | Reached XP level 15. HP: 119/120 MP: 0/0
 16172 | Lair:5   | Learned a level 6 spell: Statue Form
 16306 | Lair:5   | Found the +6 Majin-Bo {spellvamp, MP+6 Int+6}
 16944 | Lair:5   | Reached ****** piety under Makhleb
 17689 | Spider:1 | Entered Level 1 of the Spider Nest
 18099 | Spider:1 | Killed a ghost moth
 18101 | Spider:1 | Killed a ghost moth
 18256 | Spider:1 | Killed a ghost moth
 18376 | Spider:1 | Noticed an emperor scorpion
 18386 | Spider:1 | Killed an emperor scorpion
 18387 | Spider:1 | Reached XP level 16. HP: 129/129 MP: 0/0
 18909 | Spider:2 | Reached skill level 15 in Spellcasting
 19020 | Spider:2 | HP: 4/170 [disintegration (42)]
 20775 | Spider:3 | Reached XP level 17. HP: 138/139 MP: 0/0
 20775 | Spider:3 | Learned a level 7 spell: Storm Form
 21240 | Spider:4 | Entered Level 4 of the Spider Nest
 21289 | Spider:4 | Reached skill level 1 in Unarmed Combat
 21788 | Spider:4 | Got a gossamer rune of Zot
 22152 | Spider:4 | Reached skill level 5 in Unarmed Combat
 22532 | Swamp:1  | Entered Level 1 of the Swamp
 22803 | Orc:1    | Entered Level 1 of the Orcish Mines
 23076 | Orc:2    | Entered Level 2 of the Orcish Mines
 23187 | Orc:2    | Found a bloodstained altar of Trog.
 23375 | Orc:2    | Found Jeupiqod's Armour Shop.
 23716 | Orc:2    | Found Viecumaj's Book Shoppe.
 23716 | Orc:2    | Found Fuihug's Magic Scroll Shoppe.
 23717 | Orc:2    | Found Irryuble's Magic Scroll Emporium.
 23717 | Orc:2    | Found Wiex's Assorted Antiques.
 23731 | Orc:2    | Bought a scroll of blinking for 127 gold pieces
 23734 | Orc:2    | Bought a scroll of brand weapon for 123 gold pieces
 23734 | Orc:2    | Bought a scroll of identify for 26 gold pieces
 23734 | Orc:2    | Bought a scroll of identify for 26 gold pieces
 23734 | Orc:2    | Bought a scroll of fog for 52 gold pieces
 23734 | Orc:2    | Bought a scroll of identify for 26 gold pieces
 23806 | Orc:2    | Found a staircase to the Elven Halls.
 23984 | Orc:1    | Reached XP level 18. HP: 148/149 MP: 0/0
 24349 | D:13     | Noticed Josephine
 24360 | D:13     | Killed Josephine
 24484 | D:13     | Found a gate to the Vaults.
 24486 | D:13     | Noticed Frances
 24496 | D:13     | Killed Frances
 24851 | D:13     | Found a runed translucent gate.
 24851 | D:13     | Found a runed translucent gate.
 24851 | D:13     | Found a runed translucent gate.
 25088 | D:13     | Found a runed translucent gate.
 25088 | D:13     | Found a runed translucent gate.
 25088 | D:13     | Found a runed translucent gate.
 25090 | D:13     | Identified the +1 mace of Qaeses {freeze, Int+5 Stlth+}
 25544 | D:14     | Found a blossoming altar of Fedhas.
 25555 | D:14     | Found a frozen archway.
 25560 | IceCv    | Entered an ice cave
 25742 | IceCv    | Identified the +1 pair of boots "Isicenewy" {rCorr Str+4}
 26182 | D:14     | Identified 2 scrolls of acquirement
 26185 | D:14     | Acquired 856 gold pieces
 26186 | D:14     | Acquired a manual of Armour
 26488 | D:15     | Entered Level 15 of the Dungeon
 26488 | D:15     | Found Juel's Distillery.
 26488 | D:15     | Found Vennoschae's Armour Emporium.
 26556 | D:15     | Found Laimoem's Jewellery Shoppe.
 26666 | D:15     | Reached skill level 5 in Armour
 26735 | D:15     | Found a staircase to the Depths.
 26897 | D:15     | Reached XP level 19. HP: 137/156 MP: 0/0
 26897 | D:15     | Learned a level 7 spell: Haunt
 26974 | D:15     | Found Daoxe's Magic Scroll Boutique.
 26982 | D:15     | Bought a scroll of identify for 28 gold pieces
 26982 | D:15     | Bought a scroll of identify for 28 gold pieces
 27120 | D:15     | Found Coesubol's Magic Scroll Boutique.
 28219 | Swamp:2  | You are sucked into a shaft and drop 1 floor!
 28328 | Swamp:3  | Identified the staff of conjuration "Woist" {rElec}
 28879 | Swamp:4  | Entered Level 4 of the Swamp
 29328 | Swamp:4  | Reached skill level 10 in Armour
 29638 | Swamp:4  | Got a decaying rune of Zot
 30121 | Swamp:2  | Reached skill level 10 in Unarmed Combat
 30316 | Swamp:2  | Reached skill level 15 in Dodging
 30457 | Slime:1  | Entered Level 1 of the Pits of Slime
 30506 | Slime:1  | Reached XP level 20. HP: 162/162 MP: 0/0
 30558 | Lair:4   | HP: 2/162 [rockslime (37)]
 30975 | Vaults:1 | Entered Level 1 of the Vaults
 32117 | Vaults:1 | Found Timedwentu's General Store.
 32768 | Vaults:2 | Found a staircase to the Crypt.
 32883 | Vaults:2 | Found a large runed translucent door.
 32883 | Vaults:2 | Found a large runed translucent door.
 32883 | Vaults:2 | Noticed Kare Xaoge's ghost (adept DgTm)
 32939 | Vaults:2 | Reached XP level 21. HP: 168/168 MP: 0/0
 32939 | Vaults:2 | Learned a level 8 spell: Disjunction
 33064 | Vaults:2 | Paralysed by a great orb of eyes for 5 turns
 33890 | Vaults:2 | Killed Kare Xaoge's ghost
 34114 | Vaults:3 | Found a portal to a secret trove of treasure.
 34366 | Vaults:3 | Acquired the ring "Usmeehui" {rElec Will+ rCorr Int+2
                  | Dex+2}
 34537 | Vaults:3 | Noticed Bai Suzhen
 34559 | Vaults:3 | Killed Bai Suzhen
 34761 | Vaults:3 | Identified the orb of Hiediges {guile, Dex+4}
 34772 | Vaults:3 | Identified the +2 leather armour of Cocytus {+Blink Str+4
                  | Stlth+}
 34782 | Vaults:3 | Identified the +0 leather armour of Wu Jian, Lusting
                  | {Dex+3}
 35529 | Vaults:4 | Reached XP level 22. HP: 173/175 MP: 0/0
 35894 | Vaults:4 | Identified the +0 robe "Ontal" {Drain Str+3 Dex+7 Stlth+}
 37014 | Elf:1    | Entered Level 1 of the Elven Halls
 37298 | Elf:1    | Acquired the +1 helmet "Efraredd" {rElec Str+5}
 37388 | Elf:1    | Found Hoadaish's Antique Armour Boutique.
 37390 | Elf:1    | Found Esapen's Weapon Emporium.
 37390 | Elf:1    | Found Quwusom's Antique Weapon Boutique.
 37504 | Elf:1    | Found a transporter.
 37511 | Elf:1    | Found Johoj's Weapon Emporium.
 37515 | Elf:1    | Found a transporter.
 37536 | Elf:1    | Found Heun's Self-Improvement Boutique.
 37545 | Elf:1    | Bought a manual of Shields for 1200 gold pieces
 37808 | Elf:1    | Reached skill level 1 in Shields
 38040 | Elf:1    | Found a runed translucent gate.
 38040 | Elf:1    | Found a runed translucent gate.
 38040 | Elf:1    | Found a runed translucent gate.
 38040 | Elf:1    | Found a runed translucent gate.
 38040 | Elf:1    | Found a runed translucent gate.
 38041 | Elf:1    | Found a runed translucent gate.
 38068 | Elf:1    | Reached skill level 5 in Shields
 38133 | Elf:2    | Noticed Zenata
 38348 | Elf:2    | Killed Zenata
 38377 | Elf:2    | Paralysed by an air elemental for 1 turns
 38621 | Elf:2    | Found a huge runed translucent gate.
 38621 | Elf:2    | Found a huge runed translucent gate.
 38621 | Elf:2    | Found a huge runed translucent gate.
 38622 | Elf:2    | Found a huge runed translucent gate.
 38628 | Elf:2    | Found a huge runed translucent gate.
 38683 | Elf:2    | Found Jyan's Magic Scroll Boutique.
 38909 | Elf:2    | Found Tyihiewo's Weapon Emporium.
 39066 | Elf:2    | Paralysed by an air elemental for 1 turns
 39072 | Elf:2    | Reached XP level 23. HP: 179/180 MP: 0/0
 39072 | Elf:2    | Learned a level 7 spell: Summon Hydra
 39266 | Elf:2    | Reached skill level 10 in Shields
 40098 | Elf:3    | Entered Level 3 of the Elven Halls
 40102 | Elf:3    | Reached skill level 15 in Armour
 40267 | Elf:3    | Identified the ring "Hiriecaw" {Will+ Str+6}
 40329 | Elf:3    | HP: 6/180 [deep elf sorcerer/damnation (28)]
 40336 | Elf:3    | Killed from afar by a deep elf sorcerer

Illustrated notes

Levels and vault maps discovered:
D:1:      dpeg_arrival_refuge, layout_loops_cross, grunt_decor_resistance,
          minmay_misc_feat_cross, minmay_misc_feat_alley
D:2:      minmay_roachtagon, layout_rooms, shapermc_ecumenical_altar_rom_forum
D:3:      layout_rooms
D:4:      layout_loops_ring, uniq_crazy_yiuf_cottage
D:5:      layout_basic, ebering_ghost_sewer_f, nicolae_elemental_shop
D:6:      layout_cave_pools, mainiacjoe_overflow_alcove_1, uniq_sigmund,
          uniq_pikel, uniq_grinder
D:7:      layout_basic, minmay_temple_entry_antechambers,
          minmay_misc_feat_secret_circle
D:8:      layout_layer_cave, nemelex_diamond_rough_becter, lightli_minifort
D:9:      layout_loops_ring, minitemple, gammafunk_temple_overflow_statue,
          serial_shops, nicolae_shop_statue_plus, uniq_grum, uniq_maurice
D:10:     layout_basic
D:11:     minmay_klotski, layout_long_grid, lair_entry_dummy, erik_orc_1,
          uniq_urug, uniq_snorg, uniq_amaemon
D:12:     wad_woods_minihive, layout_long_grid, uniq_jorgrun
D:13:     kennysheep_treasure_stockpile, layout_cross, erik_vaults_1,
          serial_bayou, serial_bayou_pond_b, serial_bayou_shore_a,
          serial_bayou_lake_a, serial_bayou_crossing,
          chequers_serial_rivers_marsh, uniq_frances, uniq_josephine
D:14:     layout_long_grid, portal_ice_cave_entry_pillars_1,
          nicolae_eternal_life, fedhas_altar_1
D:15:     grunt_enter_depths_magical_seal, layout_basic, minmay_misc_feat_iff,
          serial_shops, shop, shop, nicolae_shop_gaudy_bauble,
          nicolae_shop_rolled_up, shop
Temple:   nicolae_temple_figure_zero
Lair:1:   layout_hall_layers, lemuel_fruit_fields
Lair:2:   layout_cave_shapes, skrybe_swamp_entry_bodies,
          nicolae_spider_entry_tight_spaces, patterned_corridor, uniq_maggie
Lair:3:   layout_cave_pods, nicolae_lair_grove_arrangements,
          beast_lair_carwin_1, serial_bayou_shore_b
Lair:4:   layout_gridlike, slime_entry_1
Lair:5:   hangedman_lair_in_review, layout_cave_pods,
          hangedman_lair_caniforms_friends, grunt_megastairs_2,
          serial_bayou_shore_b, infiniplex_staircase_pool_2
Swamp:1:  layout_falls_marsh, hangedman_swamp_ruin_hall,
          infiniplex_staircase_pool
Swamp:2:  layout_basic_swamp, nicolae_swamp_small_spring, hangedman_swamp_lotus
Swamp:3:  layout_falls_marsh, nicolae_swamp_feature_on_the_river_bank,
          swamp_pool4, st_swamp_mini
Swamp:4:  swamp_icy, layout_basic_swamp
Spider:1: layout_cave_pods, nicolae_spider_rock_and_or_roll
Spider:2: nicolae_spider_brood_tunnel
Spider:3: layout_chambers, nicolae_spider_cling_halls
Spider:4: grunt_spider_rune_island, nicolae_spider_world_wide_web
Slime:1:  layout_caves, nicolae_slime_phagocytosis
Orc:1:    layout_caves
Orc:2:    st_orc_pillars, layout_caves, basic_altar, serial_shops, shop,
          david_defended_altar_orc
Elf:1:    elf_arrival_002, layout_loops_corners, serial_shops,
          nicolae_shop_drivethru, orc_legates, nicolae_wooded_promenade,
          nicolae_shop_self_help
Elf:2:    elven_hall_of_blades_hangedman_alternative
          [nicolae_blade_entry_crossed_weapons], layout_onion_city,
          serial_hangedman_research, hangedman_research_geology,
          hangedman_research_metamorphosis, hangedman_research_thermodynamics,
          hangedman_research_pyrotechnics, hangedman_research_toxicology,
          serial_shops, nicolae_shop_pleasant_corner_grove,
          nicolae_shop_rolled_up, portal_desolation_entry_twin_temple,
          uniq_zenata
Elf:3:    minmay_elf_hall_curves, layout_geoelf_grid, serial_shops,
          nicolae_lakefront_shop, shop, nicolae_shop_advertising_works
          [nicolae_subvault_shop_adworks], shop, elves_outpost_lemuel,
          uniq_roxanne
Vaults:1: nicolae_vaults_little_squares_5, ontoclasm_vaults_fault, v_rooms_1,
          nicolae_vaults_oval_intersection, v_misc_5, v_misc_31,
          vaults_mumra_hexcomb, grunt_vaults_focal,
          nicolae_vaults_sesquioval_fish, nicolae_vaults_storage_closets_1,
          v_alt_pattern_1, nicolae_vaults_shock_wave, layout_vaults_omnigrid,
          serial_shops, shop
Vaults:2: ebering_ghost_disaster_area, nicolae_vaults_shrinking_rooms_2,
          nicolae_vaults_back_hallway, vaults_room_fours,
          nicolae_vaults_diagonal_hallway_7, nicolae_vaults_network_star,
          minmay_crypt_entry_simple_walls, nicolae_vaults_meiosis,
          vaults_mumra_chevron, nicolae_vaults_apartment_2, v_rooms_6,
          layout_vaults_maze
Vaults:3: nicolae_vaults_yaktaur_gun_rack, nicolae_vaults_network_quincunx
          [nicolae_vaults_network_quincunx_subvault,
          nicolae_vaults_network_quincunx_subvault,
          nicolae_vaults_network_quincunx_subvault,
          nicolae_vaults_network_quincunx_subvault,
          nicolae_vaults_network_quincunx_subvault],
          nicolae_vaults_ellipses_ellipsis, ontoclasm_vaults_gateway,
          nicolae_vaults_storing_the_good_stuff, v_misc_19,
          nicolae_vaults_lightning_bolt, nicolae_vaults_wine_cellar,
          nicolae_vaults_sesquioval_fish, nicolae_vaults_turnstiles,
          nicolae_vaults_trapezoid_lopsided_3, vaults_dpeg_diagonal,
          nicolae_vaults_double_plus_1, layout_vaults_omnicross,
          nicolae_trove_entry_free_sample, uniq_bai_suzhen
Vaults:4: nicolae_vaults_frosty_reception, nicolae_vaults_circle_grid_b,
          vaults_room_stairs_pillars, grunt_vaults_hallway_long,
          nicolae_vaults_rhombus_7, nicolae_vaults_shrinking_rooms_1,
          nicolae_vaults_little_squares_4, grunt_vaults_hallway_short,
          ontoclasm_vaults_ring_square, nicolae_vaults_little_squares_3,
          nicolae_vaults_tetromino_T_2, layout_vaults_chaotic_city

Skill      XL: |  1  2  3  4  5  6  7  8  9 10 11 12 13 14 15 16 17 18 19 20 21 22 23 |
---------------+----------------------------------------------------------------------+-----
Stealth        | 2 |  2.0
Dodging        | 3 4 10 12 13 15 | 15.0
Spellcasting   | 4 5 6 7 8 9 11 12 13 14 15 16 17 19 20 | 20.0
Fighting       | 4 8 10 13 15 16 19 20 | 20.1
Armour         | 3 6 10 14 15 | 15.0
Unarmed Combat | 5 7 10 13 14 | 14.0
Shields        | 9 13 | 13.0

Action                     |  1- 3 |  4- 6 |  7- 9 | 10-12 | 13-15 | 16-18 | 19-21 | 22-24 || total
---------------------------+-------+-------+-------+-------+-------+-------+-------+-------++-------
  Melee: Battleaxe         |       |       |       |    12 |    72 |       |       |       ||    84
         Unarmed           |       |       |       |     1 |       |   455 |   896 |   478 ||  1830
         Bo                |       |       |       |       |     4 |     1 |       |       ||     5
         Punch             |       |       |       |       |       |    31 |   102 |    64 ||   197
         Staff             |       |       |       |       |       |       |     1 |       ||     1
   Cast: Magic Dart        |    54 |    78 |    51 |   133 |   265 |    95 |    10 |       ||   686
         Searing Ray       |     3 |    11 |    29 |    17 |    14 |     2 |       |       ||    76
         Summon Small Mamm |     1 |       |       |     5 |     3 |     1 |       |       ||    10
         Momentum Strike   |       |       |     5 |    23 |     1 |     1 |       |       ||    30
         Scorch            |       |       |     6 |    87 |   309 |   168 |     2 |     6 ||   578
         Animate Armour    |       |       |     3 |     3 |       |     2 |       |       ||     8
         Fulminant Prism   |       |       |     2 |    77 |    10 |    10 |     1 |     3 ||   103
         Iskenderun's Myst |       |       |       |    24 |   236 |   328 |    89 |    23 ||   700
         Agony             |       |       |       |       |     4 |     3 |     7 |       ||    14
         Metabolic Englaci |       |       |       |       |     3 |     1 |       |     1 ||     5
         Statue Form       |       |       |       |       |     3 |     3 |       |       ||     6
         Storm Form        |       |       |       |       |       |    34 |    80 |    43 ||   157
         Haunt             |       |       |       |       |       |       |     1 |       ||     1
Ability: Blinkbolt         |       |       |       |       |       |     1 |       |     1 ||     2
         End Transformatio |       |       |       |       |       |       |     2 |     1 ||     3
    Use: Scroll            |       |     1 |     2 |     6 |     6 |    13 |     7 |     3 ||    38
         Potion            |       |       |       |     1 |     1 |     5 |     1 |       ||     8
   Stab: Sleeping          |       |       |       |       |       |       |     1 |     2 ||     3
         Distracted        |       |       |       |       |       |       |       |     1 ||     1
 Armour: Robe              |     5 |     4 |       |       |       |       |       |     1 ||    10
         Steam dragon scal |       |       |     9 |    37 |    83 |    17 |     6 |       ||   152
         Skin              |       |       |       |       |    36 |   163 |   228 |    94 ||   521
  Dodge: Dodged            |     5 |     7 |    30 |   106 |   269 |   656 |   788 |   484 ||  2345
